 Dungeon Crawl Stone Soup version 0.31-a0-702-gf82c85558f (webtiles) character file.

Game seed: 4263726836870670218

187526 qw the Marksgargoyle (level 18, -3/125 HPs)
             Began as a Gargoyle Hunter on Sept 8, 2023.
             Was an Elder of Okawaru.
             Killed from afar by a balrug (25 damage)
             ... with a bolt of fire
             ... on level 2 of the Abyss.
             The game lasted 00:21:18 (30517 turns).

qw the Marksgargoyle (Gargoyle Hunter)             Turns: 30517, Time: 00:21:18

Health: -3/125     AC: 33    Str: 10 (12) XL:     18   Next: 7%
Magic:  24/25      EV: 27    Int: 10      God:    Okawaru [****..]
Gold:   591        SH:  5    Dex: 25 (26) Spells: 17/17 levels left

rFire   x . .        r - +2 hand cannon (flame)
rCold   + . .        (no shield)
rNeg    + . .        e - +2 leather armour of Cheibriados's Hatred {Dex+7}
rPois   inf          t - +2 helmet {Int+3}
rElec   +            A - scarf {rC+ rF+}
rCorr   .            v - +2 pair of gloves
SInv    +            n - +2 pair of boots
Will    +....        y - amulet of reflection
Stlth   ++++         p - ring of see invisible
HPRegen 0.40/turn    B - +4 ring of protection
MPRegen 0.19/turn

%: random rage (9%), reflection
@: heroic, flying
A: sickness immunity, AC +13, big wings, negative energy resistance 1,
electricity resistance, torment resistance 1, petrification resistance, [berserk
2], [deformed body], [deterioration 2], [dopey 2], [weak 2], [heat vulnerability
2], [inability to drink after injury 1]
}: 1/15 runes: barnacled
a: Renounce Religion, Heroism, Finesse


You were on level 2 of the Abyss.
You worshipped Okawaru.
Okawaru was greatly pleased with you.
You visited 6 branches of the dungeon, and saw 30 of its levels.
You visited the Abyss 1 time.

You collected 2758 gold pieces.
You spent 2167 gold pieces at shops.


Innate Abilities, Weirdness & Mutations

You are immune to sickness and miasma.
Your stone body is resilient. (AC +13)
You are immune to poison.
Your large and strong wings let you fly.
You resist negative energy. (rN+)
You are resistant to electric shocks. (rElec)
You are resistant to unholy torment.
You are immune to petrification.
[You have an uncontrollable temper.]
[Armour fits poorly on your strangely shaped body.]
[Your body often deteriorates upon taking damage.]
[You are very dopey. (Int -4)]
[You are very weak. (Str -4)]
[You are very vulnerable to heat. (rF--)]
[You occasionally lose the ability to drink potions when taking damage.]


   Skills:
 - Level 18.0(23.0) Fighting
 + Level 20.8(25.8) Ranged Weapons
 - Level 9.0(14.0) Armour
 - Level 12.4(17.4) Dodging
 - Level 1.1(6.1) Stealth
 - Level 10.0 Invocations


You had 17 spell levels left.
You didn't know any spells.
Your spell library was empty.

Inventory:

Hand Weapons
 r - a +2 hand cannon of flaming (weapon)
Armour
 d - a +2 cloak
 e - the +2 leather armour of Cheibriados's Hatred (worn) {Dex+7}
   (You found it on level 9 of the Dungeon)

   Dex+7:     It affects your dexterity (+7).
 n - a +2 pair of boots (worn)
 t - a +2 helmet of intelligence (worn)
 v - a +2 pair of gloves (worn)
 A - a scarf of resistance (worn)
Jewellery
 b - a ring of protection from fire
 f - a ring of ice
 k - the ring of Ticsuas {Fly rElec Str+3 Int+3}
   (You bought it in a shop on level 2 of the Orcish Mines)

   [ring of flight]

   Str+3:     It affects your strength (+3).
   Int+3:     It affects your intelligence (+3).
   rElec:     It insulates you from electricity.
   Fly:       It grants you flight.
 p - a ring of see invisible (left hand)
 u - a ring of protection from fire
 y - an amulet of reflection (around neck)
 B - a +4 ring of protection (right hand)
 Y - a ring of willpower
Wands
 m - a wand of digging (4)
Scrolls
 j - 9 scrolls of teleportation
 o - 17 scrolls of identify
 z - a scroll of enchant armour
Potions
 a - 5 potions of might
 c - 5 potions of enlightenment
 h - 9 potions of curing
 i - 3 potions of haste
 q - a potion of cancellation
 s - 5 potions of mutation

Dungeon Overview and Level Annotations

Branches:
Dungeon (15/15)            Temple (1/1) D:4            Lair (5/5) D:9
 Shoals (4/4) Lair:2       Spider (3/4) Lair:3        Slime (0/5) Lair:5
    Orc (2/2) D:10            Elf (0/3) Orc:2        Vaults (0/5) D:13
 Depths (0/4) D:15

Altars:
Ashenzari
Cheibriados
Dithmenos
Elyvilon
Fedhas
Gozag
Hepliaklqana
Kikubaaqudgha
Makhleb
Nemelex Xobeh
Okawaru
Qazlal
Ru
Sif Muna
Trog
Uskayaw
Vehumet
Wu Jian
Xom
Yredelemnul
Zin
The Shining One
Jiyva

Shops:
D:4 =(   D:11 [   Orc:1 (****:   Orc:2 =*[*   Shoals:3 [

Portals:
Pandemonium: Orc:2

Annotations:
D:4 1 runed translucent door, qw's ghost, amateur GrHu
D:6 3 runed translucent doors, qw's ghost, novice GrHu
Lair:5 2 transporters, qw's ghost, journeyman GrFi
Spider:1 2 transporters, qw's ghost, adept GrHu


Message History

The ball of steam hits the balrug.
The balrug resists.
The ball of steam hits you. You resist.
You shoot a bolt. The bolt hits the balrug!
The balrug is severely wounded.
The balrug gestures at you. Something smites you!
30513 ||| INVOKING Heroism.
You gain the combat prowess of a mighty hero.
The balrug completely misses you.
The wretched star pulses with an eldritch light!
You feel vulnerable to heat. x2
The balrug barely misses you.
You shoot a bolt. The bolt hits the balrug!!
The balrug is almost dead.
The balrug hits you with a +1 demon whip of freezing!
You are engulfed in flames!!
The fire burns you terribly!
Your body deteriorates!
You feel clumsy. The balrug freezes you.
You shoot a bolt. The bolt hits the balrug.
The balrug is almost dead.
You hear an angry hiss.
The balrug hits you but does no damage. The smoke demon gestures at you.
Something smites you!
Your body deteriorates!
You feel weakened.
You shoot a bolt.
The bolt hits the balrug but does no damage.
The balrug is almost dead.
The balrug closely misses you.
An ancient zyme comes into view.
You shoot a bolt. The bolt closely misses the balrug.
The bolt hits the smoke demon.
The smoke demon is almost dead.
The balrug hits you but does no damage. The smoke demon gestures at you.
Something smites you!
Your body deteriorates!
You feel weakened. The balrug gestures at you. The bolt of fire hits you!!
The fire burns you terribly!
You die...

##....#..#. .
~~~ ~~~~¤~7#
#.. ~~~~ ~~
~~7..2
~~~~~~~~¤~~....
~ ~~~~~~7k## .~
~~~7 ....### ~
~~~....k.... ##
#
~.#...*####...
. ..#
##..32@####...
..# .
##..##.#### .
.. # . ##..####
### . ##..# # #
. ## # . . ###
. ###. . # ..
## # . . . . .
# # ##


You could see a balrug, a wretched star and a smoke demon.

Vanquished Creatures
  Gastronok (D:8)
  A tentacled starspawn (Abyss:2)
  Donald (Spider:1)
  Roxanne (Spider:2)
  Aizul (Spider:3)
  Kirke (D:15)
  A frost giant (Shoals:4)
  2 emperor scorpions (Spider:2)
  An orc warlord (Orc:1)
  An elemental wellspring (Shoals:1)
  A spark wasp (Spider:3)
  3 merfolk javelineers
  Josephine (Orc:2)
  7 merfolk impalers
  Harold (Orc:1)
  Erolcha (D:11)
  7 hydras
  6 two-headed ogres
  A demonspawn (Orc:2)
  A jorogumo (Spider:1)
  An alligator snapping turtle (Shoals:3)
  5 centaur warriors
  2 dancing weapons (D:13)
  4 merfolk aquamancers
  6 death yaks (Lair:5)
  A merfolk avatar (Shoals:2)
  5 boulder beetles
  A radroach (Spider:1)
  3 satyrs
  9 demonic crawlers
  A tengu warrior (D:13)
  A deep troll earth mage (D:15)
  6 orc high priests (Orc:2)
  Sonja (D:12)
  7 skysharks
  2 wretched stars (Abyss:2)
  A sun moth (Spider:2)
  3 pharaoh ants
  4 skeletal warriors
  8 sea snakes
  A goliath frog (Lair:5)
  2 orb spiders (Spider:1)
  A spriggan simulacrum (D:15)
  An obsidian statue (D:14)
  A wizard (D:11)
  A lindwurm (Orc:2)
  11 harpies
  2 steelbarb worms
  5 large abominations (Abyss:2)
  7 ugly things
  2 deep elf pyromancers
  3 orc knights (Orc:2)
  11 wolf spiders
  15 fauns
  11 manticores
  A salamander (shapeshifter) (D:15)
  3 cyclopes
  9 orc sorcerers
  4 black mambas
  8 merfolk sirens
  8 elephants (Lair:5)
  4 water nymphs
  Jeremiah (Lair:1)
  18 cane toads
  2 torpor snails
  2 gargoyles (D:12)
  4 rime drakes
  6 komodo dragons
  2 anaconda simulacra (D:15)
  4 yaktaurs (D:15)
  2 efreet
  2 freezing wraiths
  An ice devil (Orc:2)
  A tengu conjurer (D:14)
  3 meliai (Lair:4)
  2 hellwings (Orc:2)
  5 polar bears
  A queen bee (Lair:4)
  12 merfolk
  6 trolls
  3 wind drakes
  A blink frog (shapeshifter) (D:15)
  15 tarantellas
  5 snapping turtles
  A tyrant leech (Lair:5)
  3 dream sheep (Shoals:2)
  14 blink frogs (Lair:5)
  16 jumping spiders
  11 culicivoras
  A vampire (D:11)
  A centaur simulacrum (D:14)
  18 slime creatures
  6 wraiths
  A culicivora (shapeshifter) (D:14)
  3 water elementals (Shoals:3)
  A shadow (D:11)
  2 wyverns
  59 yaks
  5 hogs (D:15)
  2 humans (D:15)
  2 fire elementals (D:11)
  A minotaur simulacrum (D:15)
  A redback (shapeshifter) (D:13)
  10 redbacks
  5 steam dragons
  3 basilisks
  3 small abominations (Abyss:2)
  18 vampire mosquitoes
  Edmund (D:5)
  4 wargs
  13 water moccasins
  5 acid dragons
  2 black bears
  37 orc warriors
  2 sky beasts (D:6)
  5 ogres (Orc:1)
  3 wolves (Lair:5)
  2 phantoms
  5 centaurs
  2 kobold brigands
  22 bullfrogs
  3 gnoll sergeants
  4 scorpions
  3 deep troll simulacra (D:15)
  11 wights
  A lindwurm simulacrum (D:15)
  33 killer bees
  An electric eel (Lair:1)
  2 howler monkeys
  A crimson imp (D:8)
  3 hounds
  A gnoll bouda (D:5)
  5 jellies
  27 orc priests
  2 sleepcaps
  An iguana (D:5)
  23 orc wizards
  29 gnolls
  5 adders
  A white imp (D:7)
  2 ufetubi
  3 worms
  2 dart slugs
  100 orcs
  4 bats
  7 endoplasms
  2 giant cockroaches
  6 goblins
  4 hobgoblins
  2 jackals (D:3)
  15 kobolds
  3 ball pythons (D:1)
  3 frilled lizards
  3 rats
  A starspawn tentacle (Abyss:2)
923 creatures vanquished.

Vanquished Creatures (others)
  A wizard (D:11)
  An orc (Orc:2)
  A starspawn tentacle (Abyss:2)
3 creatures vanquished.

Grand Total: 926 creatures vanquished

Notes
Turn   | Place    | Note
-------+----------+-------------------------------------------
     0 | D:1      | qw the Gargoyle Hunter began the quest for the Orb.
     0 | D:1      | Reached XP level 1. HP: 12/12 MP: 1/1
     0 | D:1      | 0 ||| qw: Version: 0.3-a-76-g4403597
     0 | D:1      | 0 ||| qw: Game counter: 1012
     0 | D:1      | 0 ||| qw: Melee chars always use a shield: true
     0 | D:1      | 0 ||| qw: God list: Okawaru
     0 | D:1      | 0 ||| qw: Allow faded altars: false
     0 | D:1      | 0 ||| qw: Do Orc after clearing Dungeon:15 true
     0 | D:1      | 0 ||| qw: Do second Lair branch before Depths: true
     0 | D:1      | 0 ||| qw: Lair rune preference: random
     0 | D:1      | 0 ||| qw: Goals: Normal
     0 | D:1      | 0 ||| PLANNING D:1-11
    73 | D:1      | Reached XP level 2. HP: 17/17 MP: 2/2
   553 | D:1      | 553 ||| UPGRADING to +1 cloak.
   558 | D:1      | 558 ||| UPGRADING to +0 ring mail.
   568 | D:1      | 568 ||| DROPPING +0 leather armour.
   569 | D:1      | 569 ||| READING scroll labelled ISUESER GESID.
   573 | D:1      | 573 ||| READING scroll labelled XOBBOA EJIA.
   574 | D:1      | 574 ||| READING scroll labelled ROOFES WUNNAUN.
   675 | D:1      | 675 ||| READING scroll labelled LYIX CIFAEPOEPT.
   676 | D:1      | 676 ||| DROPPING scroll of butterflies.
   751 | D:2      | Reached skill level 1 in Armour
   751 | D:2      | Reached XP level 3. HP: 21/21 MP: 3/3
   791 | D:2      | Found a sacrificial altar of Ru.
   948 | D:2      | Reached skill level 5 in Ranged Weapons
  1280 | D:2      | 1280 ||| UPGRADING to +0 helmet.
  1285 | D:2      | 1285 ||| READING scroll labelled NIAMIT DISE.
  1286 | D:2      | 1286 ||| READING scroll labelled HAEFASUNEM.
  1287 | D:2      | 1287 ||| READING scroll labelled CARHASI FODA.
  1588 | D:3      | Reached XP level 4. HP: 27/27 MP: 4/4
  1605 | D:3      | Reached skill level 3 in Fighting
  1859 | D:3      | 1859 ||| UPGRADING to +0 pair of boots.
  1864 | D:3      | 1864 ||| READING scroll labelled GOMAUNT TAESUJ.
  1893 | D:4      | 1893 ||| STAIRDANCE
  1956 | D:4      | 1956 ||| STAIRDANCE
  1968 | D:3      | Reached XP level 5. HP: 11/32 MP: 5/5
  1970 | D:3      | HP: 7/32 [gnoll/+0 club (2)]
  1971 | D:3      | 1971 ||| READING scroll of teleportation.
  2090 | D:4      | Reached skill level 6 in Ranged Weapons
  2090 | D:4      | 2090 ||| STAIRDANCE
  2209 | D:4      | Noticed qw's ghost (amateur GrHu)
  2243 | D:4      | Found a runed translucent door.
  2254 | D:4      | Found a hide-covered altar of Uskayaw.
  2279 | D:4      | Found a staircase to the Ecumenical Temple.
  2280 | D:4      | 2280 ||| PLANNING TEMPLE
  2280 | D:4      | 2280 ||| SWAPPING to +0 arbalest.
  2281 | D:4      | 2281 ||| DROPPING +1 shortbow.
  2282 | D:4      | 2282 ||| READING 2 scrolls labelled GEICWIEWNU.
  2283 | D:4      | 2283 ||| DRINKING 2 red potions.
  2292 | D:4      | Reached XP level 6. HP: 37/37 MP: 6/6
  2306 | Temple   | Entered the Ecumenical Temple
  2307 | Temple   | 2307 ||| PLANNING OKAWARU WORSHIP
  2337 | Temple   | Became a worshipper of Warmaster Okawaru
  2338 | Temple   | 2338 ||| PLANNING D:1-11
  2379 | D:4      | 2379 ||| READING scroll of enchant armour.
  2379 | D:4      | 2379 ||| ENCHANTING +0 helmet.
  2406 | D:4      | HP: 8/38 [something (3)]
  2414 | D:4      | HP: 7/38 [something (1)]
  2421 | D:4      | HP: 4/38 [something (2)]
  2703 | D:4      | Found Orih's Jewellery Emporium.
  2704 | D:4      | Found Giti's Weapon Shop.
  2811 | D:4      | 2811 ||| SHOPLISTING +6 ring of dexterity (432 gold, have
                  | 138).
  2811 | D:4      | 2811 ||| SHOPLISTING amulet of reflection (360 gold, have
                  | 138).
  2811 | D:4      | 2811 ||| SHOPLISTING ring of ice (300 gold, have 138).
  2811 | D:4      | 2811 ||| SHOPLISTING ring of positive energy (240 gold,
                  | have 138).
  2811 | D:4      | 2811 ||| SHOPLISTING ring of protection from fire (300
                  | gold, have 138).
  2811 | D:4      | 2811 ||| SHOPLISTING ring of see invisible (180 gold, have
                  | 138).
  2811 | D:4      | 2811 ||| SHOPLISTING ring of the Firefly {Ice Contam rPois
                  | rN+ rCorr} (484 gold, have 138).
  3015 | D:4      | 3015 ||| UPGRADING to ring of see invisible.
  3041 | D:5      | Entered Level 5 of the Dungeon
  3044 | D:5      | 3044 ||| Stepping ~*~*~tactically~*~*~ (outnumbered).
  3046 | D:5      | 3046 ||| Stepping ~*~*~tactically~*~*~ (outnumbered).
  3051 | D:5      | Reached XP level 7. HP: 43/43 MP: 7/7
  3056 | D:5      | Found a sparkling altar of Nemelex Xobeh.
  3103 | D:5      | Reached skill level 7 in Ranged Weapons
  3113 | D:5      | Reached * piety under Okawaru
  3115 | D:5      | 3115 ||| INVOKING Heroism.
  3199 | D:5      | Noticed Edmund
  3207 | D:5      | Killed Edmund
  3208 | D:5      | Reached skill level 8 in Ranged Weapons
  3240 | D:5      | Reached skill level 1 in Invocations
  3251 | D:5      | Reached XP level 8. HP: 48/48 MP: 7/9
  3573 | D:5      | Found a white marble altar of Elyvilon.
  3660 | D:5      | Reached skill level 3 in Invocations
  3871 | D:5      | 3871 ||| INVOKING Heroism.
  3872 | D:5      | 3872 ||| Stepping ~*~*~tactically~*~*~ (outnumbered).
  3877 | D:5      | 3877 ||| Stepping ~*~*~tactically~*~*~ (retreating).
  3878 | D:5      | 3878 ||| Stepping ~*~*~tactically~*~*~ (retreating).
  3879 | D:5      | 3879 ||| Stepping ~*~*~tactically~*~*~ (retreating).
  3882 | D:5      | 3882 ||| INVOKING Heroism.
  4185 | D:5      | 4185 ||| READING 2 scrolls labelled KYZIEN QUNA.
  4186 | D:5      | 4186 ||| READING scroll labelled QIMMON METEIFI.
  4187 | D:5      | 4187 ||| READING 2 scrolls of identify.
  4187 | D:5      | 4187 ||| IDENTIFYING fuming blue potion
  4188 | D:5      | 4188 ||| DROPPING scroll of fog.
  4230 | D:6      | 4230 ||| INVOKING Heroism.
  4362 | D:6      | Found a runed translucent gate.
  4362 | D:6      | Found a runed translucent gate.
  4362 | D:6      | Found a runed translucent gate.
  4363 | D:6      | Noticed a spectral unseen horror
  4370 | D:6      | Noticed qw's ghost (novice GrHu)
  4461 | D:6      | Reached skill level 9 in Ranged Weapons
  4470 | D:6      | Reached skill level 3 in Armour
  4475 | D:6      | Reached ** piety under Okawaru
  4544 | D:6      | Found a shadowy altar of Dithmenos.
  4877 | D:6      | Reached skill level 6 in Fighting
  4960 | D:6      | 4960 ||| DRINKING 2 lumpy black potions.
  4961 | D:6      | 4961 ||| DRINKING 3 fizzy black potions.
  4962 | D:6      | 4962 ||| DRINKING 2 fuming sapphire potions.
  4963 | D:6      | 4963 ||| DRINKING 2 potions of curing.
  4963 | D:6      | 4963 ||| (to cure confusion)
  4964 | D:6      | 4964 ||| DROPPING potion of ambrosia.
  5058 | D:7      | Reached XP level 9. HP: 50/55 MP: 12/12
  5319 | D:7      | 5319 ||| INVOKING Heroism.
  5570 | D:7      | Reached skill level 10 in Ranged Weapons
  5696 | D:7      | 5696 ||| DROPPING +6 ring of intelligence.
  5697 | D:7      | 5697 ||| READING scroll labelled AMIM MAFOPPAUX.
  5698 | D:7      | 5698 ||| READING scroll labelled GOK OMEPNUDOLE.
  5699 | D:7      | 5699 ||| READING 4 scrolls of identify.
  5699 | D:7      | 5699 ||| IDENTIFYING dark potion
  5700 | D:7      | 5700 ||| READING 3 scrolls of identify.
  5700 | D:7      | 5700 ||| IDENTIFYING amethyst potion
  5701 | D:7      | 5701 ||| READING 2 scrolls of identify.
  5701 | D:7      | 5701 ||| IDENTIFYING sedimented grey potion
  5702 | D:7      | 5702 ||| DROPPING potion of degeneration.
  5703 | D:7      | 5703 ||| DROPPING potion of lignification.
  5719 | D:8      | 5719 ||| STAIRDANCE
  5725 | D:8      | 5725 ||| INVOKING Heroism.
  5736 | D:8      | 5736 ||| STAIRDANCE
  5746 | D:8      | Noticed Gastronok
  5753 | D:8      | 5753 ||| INVOKING Heroism.
  5762 | D:8      | Killed Gastronok
  5762 | D:8      | Reached *** piety under Okawaru
  5763 | D:8      | Reached skill level 9 in Fighting
  5763 | D:8      | Reached XP level 10. HP: 26/68 MP: 11/13
  5921 | D:8      | Found an ancient bone altar of Kikubaaqudgha.
  5970 | D:8      | 5970 ||| Stepping ~*~*~tactically~*~*~ (retreating).
  5982 | D:8      | 5982 ||| INVOKING Heroism.
  6131 | D:8      | Noticed a boulder beetle
  6132 | D:8      | 6132 ||| INVOKING Heroism.
  6145 | D:8      | Killed a boulder beetle
  6146 | D:8      | Reached skill level 11 in Ranged Weapons
  6173 | D:8      | 6173 ||| INVOKING Heroism.
  6204 | D:8      | 6204 ||| RETREATING.
  6206 | D:8      | 6206 ||| RETREATING.
  6208 | D:8      | 6208 ||| INVOKING Heroism.
  6253 | D:8      | 6253 ||| INVOKING Heroism.
  6256 | D:8      | 6256 ||| Stepping ~*~*~tactically~*~*~ (cloud).
  6259 | D:8      | Reached skill level 3 in Dodging
  6261 | D:8      | 6261 ||| Stepping ~*~*~tactically~*~*~ (cloud).
  6401 | D:8      | Found a shimmering altar of Xom.
  6402 | D:8      | Found a burning altar of Makhleb.
  6623 | D:9      | 6623 ||| INVOKING Heroism.
  6625 | D:9      | 6625 ||| Stepping ~*~*~tactically~*~*~ (cloud).
  6648 | D:9      | 6648 ||| INVOKING Heroism.
  6676 | D:9      | Found a stormy altar of Qazlal.
  6678 | D:9      | 6678 ||| RETREATING.
  6804 | D:9      | 6804 ||| INVOKING Heroism.
  6805 | D:9      | 6805 ||| Stepping ~*~*~tactically~*~*~ (outnumbered).
  6892 | D:9      | Reached skill level 12 in Ranged Weapons
  6899 | D:9      | 6899 ||| INVOKING Heroism.
  7106 | D:9      | 7106 ||| UPGRADING to +0 steam dragon scales.
  7117 | D:9      | 7117 ||| INVOKING Heroism.
  7123 | D:9      | Reached XP level 11. HP: 51/72 MP: 11/14
  7186 | D:9      | 7186 ||| DROPPING +0 ring mail.
  7187 | D:9      | 7187 ||| UPGRADING to +0 troll leather armour.
  7197 | D:9      | 7197 ||| DROPPING +0 steam dragon scales.
  7274 | D:9      | Reached **** piety under Okawaru
  7274 | D:9      | Received a gift from Okawaru
  7365 | D:9      | 7365 ||| Stepping ~*~*~tactically~*~*~ (outnumbered).
  7368 | D:9      | 7368 ||| Stepping ~*~*~tactically~*~*~ (outnumbered).
  7369 | D:9      | 7369 ||| Stepping ~*~*~tactically~*~*~ (retreating).
  7370 | D:9      | 7370 ||| RETREATING.
  7379 | D:9      | 7379 ||| Stepping ~*~*~tactically~*~*~ (retreating).
  7420 | D:9      | Found a radiant altar of Vehumet.
  7491 | D:9      | Identified the +2 leather armour of Cheibriados's Hatred
                  | {Dex+7}
  7493 | D:9      | 7493 ||| UPGRADING to +2 leather armour of Cheibriados's
                  | Hatred {Dex+7}.
  7503 | D:9      | 7503 ||| DROPPING +0 troll leather armour.
  7752 | D:9      | Found a staircase to the Lair.
  7753 | D:9      | 7753 ||| INVOKING Heroism.
  7934 | D:9      | 7934 ||| PLANNING LAIR
  7934 | D:9      | 7934 ||| READING 3 scrolls of identify.
  7934 | D:9      | 7934 ||| IDENTIFYING green potion
  7935 | D:9      | 7935 ||| READING 2 scrolls of identify.
  7935 | D:9      | 7935 ||| IDENTIFYING clear potion
  7936 | D:9      | 7936 ||| DROPPING potion of berserk rage.
  8012 | Lair:1   | Entered Level 1 of the Lair of Beasts
  8015 | Lair:1   | Found a stormy altar of Qazlal.
  8032 | Lair:1   | 8032 ||| INVOKING Heroism.
  8084 | Lair:1   | 8084 ||| INVOKING Heroism.
  8087 | Lair:1   | Reached skill level 6 in Invocations
  8125 | Lair:1   | 8125 ||| INVOKING Heroism.
  8171 | Lair:1   | Noticed Jeremiah
  8172 | Lair:1   | 8172 ||| Stepping ~*~*~tactically~*~*~ (water).
  8201 | Lair:1   | 8201 ||| FLEEEEING.
  8202 | Lair:1   | 8202 ||| FLEEEEING.
  8207 | Lair:1   | 8207 ||| FLEEEEING.
  8225 | Lair:1   | Killed Jeremiah
  8226 | Lair:1   | Reached skill level 13 in Ranged Weapons
  8347 | Lair:1   | 8347 ||| INVOKING Heroism.
  8577 | Lair:1   | 8577 ||| RETREATING.
  8590 | Lair:1   | 8590 ||| FLEEEEING.
  8593 | Lair:1   | 8593 ||| INVOKING Heroism.
  8600 | Lair:1   | 8600 ||| Stepping ~*~*~tactically~*~*~ (retreating).
  8601 | Lair:1   | 8601 ||| Stepping ~*~*~tactically~*~*~ (retreating).
  8602 | Lair:1   | 8602 ||| Stepping ~*~*~tactically~*~*~ (retreating).
  8603 | Lair:1   | 8603 ||| Stepping ~*~*~tactically~*~*~ (retreating).
  8604 | Lair:1   | 8604 ||| Stepping ~*~*~tactically~*~*~ (retreating).
  8616 | Lair:1   | 8616 ||| INVOKING Heroism.
  8637 | Lair:1   | 8637 ||| INVOKING Heroism.
  8889 | Lair:1   | 8889 ||| INVOKING Heroism.
  8921 | Lair:1   | 8921 ||| FLEEEEING.
  8922 | Lair:1   | 8922 ||| FLEEEEING.
  8923 | Lair:1   | 8923 ||| FLEEEEING.
  8924 | Lair:1   | 8924 ||| FLEEEEING.
  8925 | Lair:1   | 8925 ||| FLEEEEING.
  8926 | Lair:1   | 8926 ||| FLEEEEING.
  8927 | Lair:1   | 8927 ||| FLEEEEING.
  9002 | Lair:1   | 9002 ||| Stepping ~*~*~tactically~*~*~ (retreating).
  9003 | Lair:1   | 9003 ||| Stepping ~*~*~tactically~*~*~ (retreating).
  9005 | Lair:1   | Reached XP level 12. HP: 77/77 MP: 18/18
  9301 | Lair:2   | Found a basalt altar of Yredelemnul.
  9340 | Lair:2   | Noticed an eight-headed hydra
  9341 | Lair:2   | 9341 ||| RETREATING.
  9415 | Lair:2   | Found a staircase to the Shoals.
  9416 | Lair:2   | 9416 ||| Stepping ~*~*~tactically~*~*~ (outnumbered).
  9418 | Lair:2   | 9418 ||| Stepping ~*~*~tactically~*~*~ (outnumbered).
  9422 | Lair:2   | 9422 ||| INVOKING Heroism.
  9424 | Lair:2   | Received a gift from Okawaru
  9436 | Lair:2   | Reached skill level 14 in Ranged Weapons
  9573 | Lair:2   | 9573 ||| SWAPPING to +1 orcbow of draining.
  9763 | Lair:2   | Reached skill level 9 in Invocations
  9779 | Lair:2   | Noticed a six-headed hydra
  9780 | Lair:2   | 9780 ||| INVOKING Heroism.
  9790 | Lair:2   | Killed a six-headed hydra
  9884 | Lair:2   | 9884 ||| FLEEEEING.
  9885 | Lair:2   | 9885 ||| FLEEEEING.
  9895 | Lair:2   | 9895 ||| RETREATING.
  9896 | Lair:2   | 9896 ||| INVOKING Heroism.
  9904 | Lair:2   | Killed an eight-headed hydra
  9916 | Lair:2   | Reached skill level 6 in Dodging
 10361 | Lair:2   | 10361 ||| READING scroll labelled CUULIT OZOM.
 10362 | Lair:2   | 10362 ||| DROPPING +0 arbalest.
 10424 | Lair:3   | 10424 ||| INVOKING Heroism.
 10557 | Lair:3   | Noticed an eight-headed hydra
 10558 | Lair:3   | 10558 ||| INVOKING Heroism.
 10567 | Lair:3   | Killed an eight-headed hydra
 10567 | Lair:3   | Received a gift from Okawaru
 10802 | Lair:3   | 10802 ||| INVOKING Heroism.
 10812 | Lair:3   | 10812 ||| RETREATING.
 11153 | Lair:3   | Found a hole to the Spider Nest.
 11155 | Lair:3   | 11155 ||| RETREATING.
 11159 | Lair:3   | 11159 ||| INVOKING Heroism.
 11168 | Lair:3   | Reached skill level 15 in Ranged Weapons
 11179 | Lair:3   | Reached ***** piety under Okawaru
 11184 | Lair:3   | 11184 ||| INVOKING Heroism.
 11375 | Lair:3   | 11375 ||| UPGRADING to ring of willpower.
 11409 | Lair:4   | 11409 ||| STAIRDANCE
 11425 | Lair:4   | 11425 ||| STAIRDANCE
 11493 | Lair:4   | 11493 ||| RETREATING.
 11495 | Lair:4   | 11495 ||| Stepping ~*~*~tactically~*~*~ (retreating).
 11559 | Lair:4   | 11559 ||| INVOKING Heroism.
 11561 | Lair:4   | 11561 ||| Stepping ~*~*~tactically~*~*~ (retreating).
 11583 | Lair:4   | You fall into a shaft and drop 1 floor!
 11583 | Lair:5   | Entered Level 5 of the Lair of Beasts
 11588 | Lair:5   | Reached XP level 13. HP: 72/82 MP: 20/20
 11594 | Lair:5   | Received a gift from Okawaru
 11602 | Lair:5   | Reached skill level 16 in Ranged Weapons
 11815 | Lair:4   | 11815 ||| INVOKING Heroism.
 11889 | Lair:4   | 11889 ||| FLEEEEING.
 11890 | Lair:4   | 11890 ||| FLEEEEING.
 11891 | Lair:4   | 11891 ||| FLEEEEING.
 11893 | Lair:4   | 11893 ||| FLEEEEING.
 11901 | Lair:4   | 11901 ||| FLEEEEING.
 11902 | Lair:4   | 11902 ||| FLEEEEING.
 11903 | Lair:4   | 11903 ||| FLEEEEING.
 11904 | Lair:4   | 11904 ||| FLEEEEING.
 11905 | Lair:4   | 11905 ||| FLEEEEING.
 11906 | Lair:4   | 11906 ||| INVOKING Heroism.
 12037 | Lair:4   | 12037 ||| Stepping ~*~*~tactically~*~*~ (retreating).
 12040 | Lair:4   | 12040 ||| Stepping ~*~*~tactically~*~*~ (retreating).
 12042 | Lair:4   | 12042 ||| Stepping ~*~*~tactically~*~*~ (retreating).
 12043 | Lair:4   | 12043 ||| Stepping ~*~*~tactically~*~*~ (retreating).
 12044 | Lair:4   | 12044 ||| Stepping ~*~*~tactically~*~*~ (retreating).
 12045 | Lair:4   | 12045 ||| Stepping ~*~*~tactically~*~*~ (retreating).
 12046 | Lair:4   | 12046 ||| Stepping ~*~*~tactically~*~*~ (outnumbered).
 12051 | Lair:4   | 12051 ||| INVOKING Heroism.
 12163 | Lair:4   | 12163 ||| Stepping ~*~*~tactically~*~*~ (retreating).
 12401 | Lair:4   | 12401 ||| INVOKING Heroism.
 12734 | Lair:4   | 12734 ||| DROPPING scarf of shadows.
 12735 | Lair:4   | 12735 ||| READING scroll labelled FOMIOSS USOPIGA.
 12776 | Lair:5   | 12776 ||| INVOKING Heroism.
 12856 | Lair:5   | 12856 ||| INVOKING Heroism.
 12880 | Lair:5   | 12880 ||| RETREATING.
 12883 | Lair:5   | 12883 ||| INVOKING Heroism.
 12903 | Lair:5   | 12903 ||| Stepping ~*~*~tactically~*~*~ (retreating).
 12904 | Lair:5   | 12904 ||| Stepping ~*~*~tactically~*~*~ (retreating).
 12905 | Lair:5   | 12905 ||| Stepping ~*~*~tactically~*~*~ (retreating).
 12906 | Lair:5   | 12906 ||| Stepping ~*~*~tactically~*~*~ (retreating).
 12907 | Lair:5   | 12907 ||| Stepping ~*~*~tactically~*~*~ (retreating).
 12908 | Lair:5   | 12908 ||| Stepping ~*~*~tactically~*~*~ (retreating).
 12909 | Lair:5   | 12909 ||| Stepping ~*~*~tactically~*~*~ (retreating).
 12913 | Lair:5   | 12913 ||| Stepping ~*~*~tactically~*~*~ (retreating).
 12914 | Lair:5   | 12914 ||| Stepping ~*~*~tactically~*~*~ (retreating).
 12915 | Lair:5   | 12915 ||| Stepping ~*~*~tactically~*~*~ (retreating).
 12917 | Lair:5   | 12917 ||| Stepping ~*~*~tactically~*~*~ (retreating).
 12918 | Lair:5   | 12918 ||| Stepping ~*~*~tactically~*~*~ (retreating).
 12923 | Lair:5   | 12923 ||| INVOKING Heroism.
 12926 | Lair:5   | 12926 ||| Stepping ~*~*~tactically~*~*~ (retreating).
 12927 | Lair:5   | 12927 ||| Stepping ~*~*~tactically~*~*~ (retreating).
 12928 | Lair:5   | 12928 ||| Stepping ~*~*~tactically~*~*~ (retreating).
 12929 | Lair:5   | 12929 ||| Stepping ~*~*~tactically~*~*~ (retreating).
 12931 | Lair:5   | HP: 21/85 [skyshark (13)]
 12932 | Lair:5   | 12932 ||| READING 4 scrolls of teleportation.
 12933 | Lair:5   | 12933 ||| DRINKING 3 potions of heal wounds.
 12935 | Lair:5   | 12935 ||| Stepping ~*~*~tactically~*~*~ (water).
 12942 | Lair:5   | Reached skill level 12 in Fighting
 13038 | Lair:5   | 13038 ||| INVOKING Heroism.
 13051 | Lair:5   | 13051 ||| INVOKING Heroism.
 13093 | Lair:5   | 13093 ||| INVOKING Heroism.
 13223 | Lair:5   | 13223 ||| INVOKING Heroism.
 13224 | Lair:5   | 13224 ||| RETREATING.
 13229 | Lair:5   | 13229 ||| Stepping ~*~*~tactically~*~*~ (retreating).
 13230 | Lair:5   | 13230 ||| Stepping ~*~*~tactically~*~*~ (retreating).
 13231 | Lair:5   | 13231 ||| Stepping ~*~*~tactically~*~*~ (retreating).
 13274 | Lair:5   | Gained mutation: Your large and strong wings let you fly.
                  | [Gargoyle growth]
 13274 | Lair:5   | Reached XP level 14. HP: 92/92 MP: 21/21
 13276 | Lair:5   | 13276 ||| INVOKING Heroism.
 13277 | Lair:5   | 13277 ||| RETREATING.
 13278 | Lair:5   | 13278 ||| INVOKING Finesse.
 13314 | Lair:5   | Identified the +0 buckler of Pan-Flutes {*Corrode rElec
                  | rC++} (Okawaru gifted it to you on level 5 of the Lair of
                  | Beasts)
 13314 | Lair:5   | Received a gift from Okawaru
 13323 | Lair:5   | Reached skill level 9 in Dodging
 13359 | Lair:5   | 13359 ||| INVOKING Heroism.
 13370 | Lair:5   | 13370 ||| INVOKING Finesse.
 13382 | Lair:5   | Reached skill level 6 in Armour
 13490 | Lair:5   | 13490 ||| DROPPING +0 orcbow of flaming.
 13632 | Lair:5   | Found a staircase to the Slime Pits.
 13634 | Lair:5   | Found a viscous altar of Jiyva.
 13650 | Lair:5   | Found a transporter.
 13767 | Lair:5   | Found a transporter.
 13768 | Lair:5   | Noticed qw's ghost (journeyman GrFi)
 14043 | Lair:5   | 14043 ||| PLANNING D:1-11
 14043 | Lair:5   | 14043 ||| UPGRADING to +2 helmet of intelligence.
 14053 | Lair:5   | 14053 ||| DROPPING +1 helmet.
 14054 | Lair:5   | 14054 ||| READING 2 scrolls of identify.
 14054 | Lair:5   | 14054 ||| IDENTIFYING fuming yellow potion
 14155 | D:10     | Entered Level 10 of the Dungeon
 14155 | D:10     | Found a staircase to the Orcish Mines.
 14157 | D:10     | 14157 ||| STAIRDANCE
 14178 | D:10     | 14178 ||| STAIRDANCE
 14188 | D:9      | 14188 ||| INVOKING Heroism.
 14332 | D:10     | 14332 ||| INVOKING Heroism.
 14643 | D:10     | 14643 ||| Stepping ~*~*~tactically~*~*~ (outnumbered).
 14644 | D:10     | 14644 ||| Stepping ~*~*~tactically~*~*~ (outnumbered).
 14649 | D:10     | 14649 ||| Stepping ~*~*~tactically~*~*~ (outnumbered).
 14778 | D:10     | You are sucked into a shaft and drop 3 floors!
 14783 | D:13     | 14783 ||| PLANNING GAUNTLET
 14961 | D:13     | Found a gate to the Vaults.
 15231 | D:13     | 15231 ||| RIP GAUNTLET
 15232 | D:13     | 15232 ||| PLANNING D:1-11
 15253 | D:13     | 15253 ||| READING 2 scrolls of identify.
 15253 | D:13     | 15253 ||| IDENTIFYING bubbling green potion
 15254 | D:13     | 15254 ||| DROPPING potion of brilliance.
 15318 | D:12     | Reached skill level 15 in Fighting
 15389 | D:12     | Found a white marble altar of Elyvilon.
 15464 | D:10     | 15464 ||| RETREATING.
 15480 | D:10     | 15480 ||| Stepping ~*~*~tactically~*~*~ (retreating).
 15481 | D:10     | 15481 ||| Stepping ~*~*~tactically~*~*~ (retreating).
 15615 | D:10     | 15615 ||| READING scroll of enchant armour.
 15615 | D:10     | 15615 ||| ENCHANTING +0 pair of boots.
 15697 | D:10     | 15697 ||| Stepping ~*~*~tactically~*~*~ (outnumbered).
 15699 | D:10     | 15699 ||| Stepping ~*~*~tactically~*~*~ (outnumbered).
 15998 | D:11     | 15998 ||| RETREATING.
 16005 | D:11     | 16005 ||| Stepping ~*~*~tactically~*~*~ (retreating).
 16006 | D:11     | 16006 ||| Stepping ~*~*~tactically~*~*~ (retreating).
 16006 | D:11     | Found Boyv's Armour Shoppe.
 16090 | D:11     | 16090 ||| BUYING +2 pair of gloves (214 gold).
 16090 | D:11     | Bought a +2 pair of gloves for 214 gold pieces
 16174 | D:11     | Noticed Erolcha
 16175 | D:11     | 16175 ||| INVOKING Heroism.
 16176 | D:11     | 16176 ||| INVOKING Finesse.
 16185 | D:11     | Killed Erolcha
 16578 | D:11     | 16578 ||| PLANNING D
 16578 | D:11     | 16578 ||| UPGRADING to +2 pair of gloves.
 16672 | D:12     | Received a gift from Okawaru
 16689 | D:12     | 16689 ||| SWAPPING to +4 longbow.
 16690 | D:12     | 16690 ||| DROPPING +1 heavy orcbow.
 16693 | D:12     | Noticed Sonja
 16694 | D:12     | 16694 ||| INVOKING Finesse.
 16696 | D:12     | Killed Sonja
 16829 | D:12     | Reached XP level 15. HP: 103/103 MP: 22/22
 17852 | D:14     | Reached skill level 17 in Ranged Weapons
 17862 | D:14     | 17862 ||| DROPPING amulet of magic regeneration.
 17863 | D:14     | 17863 ||| UPGRADING to amulet of reflection.
 17868 | D:14     | 17868 ||| READING 5 scrolls of identify.
 17868 | D:14     | 17868 ||| IDENTIFYING ruby potion
 17869 | D:14     | 17869 ||| DROPPING potion of invisibility.
 18067 | D:14     | 18067 ||| INVOKING Heroism.
 18068 | D:14     | 18068 ||| INVOKING Finesse.
 18116 | D:14     | 18116 ||| INVOKING Heroism.
 18211 | D:14     | 18211 ||| READING scroll of enchant armour.
 18211 | D:14     | 18211 ||| ENCHANTING +1 pair of boots.
 18280 | D:14     | 18280 ||| INVOKING Heroism.
 18283 | D:14     | 18283 ||| Stepping ~*~*~tactically~*~*~ (retreating).
 18284 | D:14     | 18284 ||| Stepping ~*~*~tactically~*~*~ (retreating).
 18285 | D:14     | 18285 ||| Stepping ~*~*~tactically~*~*~ (retreating).
 18563 | D:14     | 18563 ||| INVOKING Heroism.
 18614 | D:14     | Found a sparkling altar of Nemelex Xobeh.
 19105 | D:15     | Entered Level 15 of the Dungeon
 19162 | D:15     | 19162 ||| RETREATING.
 19164 | D:15     | 19164 ||| Stepping ~*~*~tactically~*~*~ (retreating).
 19171 | D:15     | 19171 ||| Stepping ~*~*~tactically~*~*~ (retreating).
 19172 | D:15     | 19172 ||| Stepping ~*~*~tactically~*~*~ (retreating).
 19173 | D:15     | Noticed Kirke
 19173 | D:15     | 19173 ||| Stepping ~*~*~tactically~*~*~ (retreating).
 19174 | D:15     | 19174 ||| Stepping ~*~*~tactically~*~*~ (retreating).
 19175 | D:15     | 19175 ||| INVOKING Heroism.
 19187 | D:15     | Killed Kirke
 19363 | D:15     | Reached skill level 18 in Ranged Weapons
 19394 | D:15     | 19394 ||| Stepping ~*~*~tactically~*~*~ (outnumbered).
 19401 | D:15     | 19401 ||| FLEEEEING.
 19418 | D:15     | 19418 ||| INVOKING Heroism.
 19419 | D:15     | 19419 ||| Stepping ~*~*~tactically~*~*~ (outnumbered).
 19421 | D:15     | HP: 17/103 [yaktaur captain/bolt (31)]
 19422 | D:15     | 19422 ||| READING 6 scrolls of teleportation.
 19423 | D:15     | 19423 ||| DRINKING 4 potions of heal wounds.
 19423 | D:15     | HP: 6/103 [yaktaur captain/bolt (34)]
 19424 | D:15     | 19424 ||| DRINKING 3 potions of heal wounds.
 19836 | D:15     | 19836 ||| RETREATING.
 19846 | D:15     | 19846 ||| INVOKING Heroism.
 20187 | D:15     | 20187 ||| INVOKING Heroism.
 20239 | D:15     | Found a staircase to the Depths.
 20344 | D:15     | 20344 ||| Stepping ~*~*~tactically~*~*~ (outnumbered).
 20345 | D:15     | 20345 ||| Stepping ~*~*~tactically~*~*~ (outnumbered).
 20523 | D:15     | 20523 ||| PLANNING ORC
 20698 | Orc:1    | Entered Level 1 of the Orcish Mines
 20716 | Orc:1    | 20716 ||| Stepping ~*~*~tactically~*~*~ (outnumbered).
 20718 | Orc:1    | 20718 ||| Stepping ~*~*~tactically~*~*~ (outnumbered).
 20803 | Orc:1    | Found Subroos's Assorted Antiques.
 20806 | Orc:1    | Noticed Harold
 20806 | Orc:1    | 20806 ||| Stepping ~*~*~tactically~*~*~ (outnumbered).
 20808 | Orc:1    | 20808 ||| Stepping ~*~*~tactically~*~*~ (outnumbered).
 20820 | Orc:1    | Killed Harold
 20822 | Orc:1    | 20822 ||| FLEEEEING.
 20823 | Orc:1    | 20823 ||| FLEEEEING.
 20824 | Orc:1    | 20824 ||| FLEEEEING.
 20825 | Orc:1    | 20825 ||| FLEEEEING.
 20827 | Orc:1    | 20827 ||| FLEEEEING.
 20828 | Orc:1    | 20828 ||| FLEEEEING.
 20829 | Orc:1    | 20829 ||| FLEEEEING.
 20830 | Orc:1    | 20830 ||| FLEEEEING.
 20831 | Orc:1    | 20831 ||| FLEEEEING.
 20832 | Orc:1    | 20832 ||| FLEEEEING.
 20833 | Orc:1    | 20833 ||| FLEEEEING.
 20834 | Orc:1    | 20834 ||| FLEEEEING.
 20835 | Orc:1    | 20835 ||| STAIRDANCE
 20951 | Orc:1    | Found Buyz's Antique Weapon Shop.
 20953 | Orc:1    | Noticed an orc warlord
 20954 | Orc:1    | 20954 ||| INVOKING Heroism.
 20955 | Orc:1    | 20955 ||| RETREATING.
 20978 | Orc:1    | Killed an orc warlord
 21073 | Orc:1    | Found Poplyopu's Assorted Antiques.
 21080 | Orc:1    | 21080 ||| BUYING 3 scrolls of identify (126 gold).
 21080 | Orc:1    | Bought 3 scrolls of identify for 126 gold pieces
 21080 | Orc:1    | 21080 ||| BUYING potion of enlightenment (105 gold).
 21080 | Orc:1    | Bought a potion of enlightenment for 105 gold pieces
 21080 | Orc:1    | 21080 ||| BUYING scroll of enchant weapon (157 gold).
 21080 | Orc:1    | Bought a scroll of enchant weapon for 157 gold pieces
 21080 | Orc:1    | 21080 ||| READING scroll of enchant weapon.
 21080 | Orc:1    | 21080 ||| ENCHANTING +4 longbow.
 21081 | Orc:1    | Found Aoidadot's Alliterative Armaments.
 21109 | Orc:1    | 21109 ||| BUYING agate ring (150 gold).
 21109 | Orc:1    | Bought an agate ring for 150 gold pieces
 21109 | Orc:1    | 21109 ||| BUYING scroll of teleportation (90 gold).
 21109 | Orc:1    | Bought a scroll of teleportation for 90 gold pieces
 21109 | Orc:1    | 21109 ||| BUYING scroll of teleportation (90 gold).
 21109 | Orc:1    | Bought a scroll of teleportation for 90 gold pieces
 21109 | Orc:1    | Found Volu's Assorted Antiques.
 21130 | Orc:1    | Found Ciemu's Book Shoppe.
 21132 | Orc:1    | 21132 ||| BUYING potion of curing (96 gold).
 21132 | Orc:1    | Bought a potion of curing for 96 gold pieces
 21132 | Orc:1    | 21132 ||| BUYING scroll of identify (64 gold).
 21132 | Orc:1    | Bought a scroll of identify for 64 gold pieces
 21205 | Orc:1    | 21205 ||| UPGRADING to ring of protection from fire.
 21217 | Orc:2    | Entered Level 2 of the Orcish Mines
 21218 | Orc:2    | 21218 ||| STAIRDANCE
 21234 | Orc:2    | 21234 ||| STAIRDANCE
 21248 | Orc:2    | 21248 ||| STAIRDANCE
 21286 | Orc:2    | 21286 ||| INVOKING Heroism.
 21287 | Orc:2    | 21287 ||| Stepping ~*~*~tactically~*~*~ (outnumbered).
 21288 | Orc:2    | 21288 ||| Stepping ~*~*~tactically~*~*~ (outnumbered).
 21290 | Orc:2    | 21290 ||| Stepping ~*~*~tactically~*~*~ (outnumbered).
 21294 | Orc:2    | Noticed Josephine
 21310 | Orc:2    | Killed Josephine
 21311 | Orc:2    | Reached skill level 19 in Ranged Weapons
 21583 | Orc:2    | 21583 ||| Stepping ~*~*~tactically~*~*~ (outnumbered).
 21585 | Orc:2    | 21585 ||| Stepping ~*~*~tactically~*~*~ (outnumbered).
 21609 | Orc:2    | 21609 ||| INVOKING Heroism.
 21695 | Orc:2    | Found Ekhlyk's General Store.
 21698 | Orc:2    | Found Buof's General Store.
 21708 | Orc:2    | 21708 ||| BUYING potion of mutation (120 gold).
 21708 | Orc:2    | Bought a potion of mutation for 120 gold pieces
 21708 | Orc:2    | 21708 ||| BUYING scroll of enchant armour (112 gold).
 21708 | Orc:2    | Bought a scroll of enchant armour for 112 gold pieces
 21708 | Orc:2    | 21708 ||| BUYING scroll of identify (30 gold).
 21708 | Orc:2    | Bought a scroll of identify for 30 gold pieces
 21708 | Orc:2    | 21708 ||| READING scroll of enchant armour.
 21708 | Orc:2    | 21708 ||| ENCHANTING +1 cloak.
 21731 | Orc:2    | 21731 ||| FLEEEEING.
 21732 | Orc:2    | 21732 ||| FLEEEEING.
 21733 | Orc:2    | 21733 ||| FLEEEEING.
 21734 | Orc:2    | 21734 ||| FLEEEEING.
 21739 | Orc:2    | 21739 ||| Stepping ~*~*~tactically~*~*~ (outnumbered).
 21793 | Orc:2    | 21793 ||| FLEEEEING.
 21796 | Orc:2    | 21796 ||| FLEEEEING.
 21797 | Orc:2    | 21797 ||| FLEEEEING.
 21849 | Orc:2    | 21849 ||| FLEEEEING.
 21850 | Orc:2    | 21850 ||| FLEEEEING.
 21932 | Orc:2    | 21932 ||| Stepping ~*~*~tactically~*~*~ (outnumbered).
 21934 | Orc:2    | 21934 ||| Stepping ~*~*~tactically~*~*~ (outnumbered).
 21940 | Orc:2    | 21940 ||| Stepping ~*~*~tactically~*~*~ (retreating).
 21946 | Orc:2    | 21946 ||| INVOKING Heroism.
 21947 | Orc:2    | 21947 ||| Stepping ~*~*~tactically~*~*~ (retreating).
 21962 | Orc:2    | 21962 ||| Stepping ~*~*~tactically~*~*~ (outnumbered).
 21965 | Orc:2    | 21965 ||| RETREATING.
 21966 | Orc:2    | 21966 ||| Stepping ~*~*~tactically~*~*~ (outnumbered).
 21969 | Orc:2    | 21969 ||| Stepping ~*~*~tactically~*~*~ (retreating).
 21970 | Orc:2    | 21970 ||| Stepping ~*~*~tactically~*~*~ (retreating).
 21971 | Orc:2    | 21971 ||| Stepping ~*~*~tactically~*~*~ (retreating).
 21972 | Orc:2    | 21972 ||| Stepping ~*~*~tactically~*~*~ (retreating).
 21981 | Orc:2    | Reached XP level 16. HP: 107/108 MP: 23/23
 21985 | Orc:2    | 21985 ||| RETREATING.
 22001 | Orc:2    | 22001 ||| INVOKING Heroism.
 22134 | Orc:2    | 22134 ||| INVOKING Heroism.
 22136 | Orc:2    | 22136 ||| Stepping ~*~*~tactically~*~*~ (outnumbered).
 22187 | Orc:2    | 22187 ||| Stepping ~*~*~tactically~*~*~ (retreating).
 22188 | Orc:2    | 22188 ||| Stepping ~*~*~tactically~*~*~ (retreating).
 22189 | Orc:2    | 22189 ||| INVOKING Heroism.
 22197 | Orc:2    | 22197 ||| Stepping ~*~*~tactically~*~*~ (retreating).
 22198 | Orc:2    | 22198 ||| RETREATING.
 22202 | Orc:2    | 22202 ||| Stepping ~*~*~tactically~*~*~ (outnumbered).
 22254 | Orc:2    | 22254 ||| RETREATING.
 22255 | Orc:2    | 22255 ||| INVOKING Heroism.
 22261 | Orc:2    | 22261 ||| Stepping ~*~*~tactically~*~*~ (retreating).
 22264 | Orc:2    | 22264 ||| Stepping ~*~*~tactically~*~*~ (retreating).
 22265 | Orc:2    | 22265 ||| Stepping ~*~*~tactically~*~*~ (retreating).
 22266 | Orc:2    | 22266 ||| Stepping ~*~*~tactically~*~*~ (retreating).
 22267 | Orc:2    | 22267 ||| Stepping ~*~*~tactically~*~*~ (retreating).
 22335 | Orc:2    | 22335 ||| INVOKING Heroism.
 22360 | Orc:2    | Found Teleobb's Jewellery Boutique.
 22360 | Orc:2    | Found Gaez's Antique Armour Shop.
 22361 | Orc:2    | Found a one-way gate leading to the halls of Pandemonium.
 22363 | Orc:2    | 22363 ||| BUYING ring of Ticsuas {Fly rElec Str+3 Int+3}
                  | (573 gold).
 22363 | Orc:2    | Bought the ring of Ticsuas {Fly rElec Str+3 Int+3} for 573
                  | gold pieces
 22363 | Orc:2    | 22363 ||| SHOPLISTING ring of resist corrosion (260 gold,
                  | have 124).
 22363 | Orc:2    | 22363 ||| SHOPLISTING ring of see invisible (195 gold, have
                  | 124).
 22365 | Orc:2    | 22365 ||| SHOPLISTING pair of shimmering gloves (266 gold,
                  | have 124).
 22400 | Orc:2    | Found a staircase to the Elven Halls.
 22424 | Orc:2    | 22424 ||| INVOKING Heroism.
 22430 | Orc:2    | 22430 ||| RETREATING.
 22442 | Orc:2    | 22442 ||| Stepping ~*~*~tactically~*~*~ (retreating).
 22443 | Orc:2    | 22443 ||| Stepping ~*~*~tactically~*~*~ (retreating).
 22444 | Orc:2    | 22444 ||| Stepping ~*~*~tactically~*~*~ (retreating).
 22445 | Orc:2    | 22445 ||| Stepping ~*~*~tactically~*~*~ (retreating).
 22446 | Orc:2    | 22446 ||| Stepping ~*~*~tactically~*~*~ (retreating).
 22448 | Orc:2    | 22448 ||| Stepping ~*~*~tactically~*~*~ (retreating).
 22449 | Orc:2    | 22449 ||| Stepping ~*~*~tactically~*~*~ (retreating).
 22450 | Orc:2    | 22450 ||| Stepping ~*~*~tactically~*~*~ (retreating).
 22454 | Orc:2    | 22454 ||| Stepping ~*~*~tactically~*~*~ (outnumbered).
 22459 | Orc:2    | 22459 ||| INVOKING Heroism.
 22550 | Orc:2    | Reached skill level 20 in Ranged Weapons
 22894 | Orc:2    | 22894 ||| Stepping ~*~*~tactically~*~*~ (retreating).
 22895 | Orc:2    | 22895 ||| Stepping ~*~*~tactically~*~*~ (retreating).
 22899 | Orc:2    | 22899 ||| INVOKING Heroism.
 22960 | Orc:2    | 22960 ||| PLANNING SHOALS:1-3
 23042 | Shoals:1 | Entered Level 1 of the Shoals
 23268 | Shoals:1 | 23268 ||| FLEEEEING.
 23269 | Shoals:1 | 23269 ||| FLEEEEING.
 23270 | Shoals:1 | 23270 ||| FLEEEEING.
 23341 | Shoals:1 | 23341 ||| READING scroll of brand weapon.
 23341 | Shoals:1 | 23341 ||| BRANDING +5 longbow.
 23444 | Shoals:1 | 23444 ||| FLEEEEING.
 23445 | Shoals:1 | 23445 ||| INVOKING Heroism.
 23861 | Shoals:1 | 23861 ||| RETREATING.
 23877 | Shoals:1 | 23877 ||| Stepping ~*~*~tactically~*~*~ (retreating).
 23881 | Shoals:1 | 23881 ||| Stepping ~*~*~tactically~*~*~ (retreating).
 23883 | Shoals:1 | 23883 ||| Stepping ~*~*~tactically~*~*~ (retreating).
 23885 | Shoals:1 | 23885 ||| INVOKING Heroism.
 23886 | Shoals:1 | 23886 ||| Stepping ~*~*~tactically~*~*~ (retreating).
 23887 | Shoals:1 | 23887 ||| Stepping ~*~*~tactically~*~*~ (retreating).
 23888 | Shoals:1 | 23888 ||| Stepping ~*~*~tactically~*~*~ (retreating).
 23889 | Shoals:1 | 23889 ||| Stepping ~*~*~tactically~*~*~ (retreating).
 23890 | Shoals:1 | 23890 ||| Stepping ~*~*~tactically~*~*~ (retreating).
 23898 | Shoals:1 | 23898 ||| Stepping ~*~*~tactically~*~*~ (retreating).
 23900 | Shoals:1 | 23900 ||| Stepping ~*~*~tactically~*~*~ (retreating).
 23901 | Shoals:1 | 23901 ||| INVOKING Heroism.
 23907 | Shoals:1 | HP: 18/108 [elemental wellspring/torrent of water (31)]
 23908 | Shoals:1 | 23908 ||| READING 7 scrolls of teleportation.
 23909 | Shoals:1 | 23909 ||| DRINKING 3 potions of heal wounds.
 23910 | Shoals:1 | 23910 ||| Stepping ~*~*~tactically~*~*~ (retreating).
 23911 | Shoals:1 | 23911 ||| Stepping ~*~*~tactically~*~*~ (retreating).
 24043 | Shoals:1 | 24043 ||| FLEEEEING.
 24121 | Shoals:1 | 24121 ||| Stepping ~*~*~tactically~*~*~ (retreating).
 24134 | Shoals:1 | 24134 ||| INVOKING Heroism.
 24308 | Shoals:1 | 24308 ||| DRINKING 2 fizzy white potions.
 24309 | Shoals:1 | 24309 ||| DROPPING potion of attraction.
 24372 | Shoals:2 | 24372 ||| Stepping ~*~*~tactically~*~*~ (outnumbered).
 24373 | Shoals:2 | 24373 ||| Stepping ~*~*~tactically~*~*~ (outnumbered).
 24427 | Shoals:2 | 24427 ||| Stepping ~*~*~tactically~*~*~ (outnumbered).
 24428 | Shoals:2 | 24428 ||| Stepping ~*~*~tactically~*~*~ (outnumbered).
 24433 | Shoals:2 | 24433 ||| RETREATING.
 24439 | Shoals:2 | 24439 ||| Stepping ~*~*~tactically~*~*~ (retreating).
 24440 | Shoals:2 | 24440 ||| INVOKING Heroism.
 24452 | Shoals:2 | HP: 25/108 [manticore (15)]
 24453 | Shoals:2 | 24453 ||| READING 6 scrolls of teleportation.
 24454 | Shoals:2 | 24454 ||| DRINKING 2 potions of heal wounds.
 24715 | Shoals:2 | 24715 ||| RETREATING.
 24755 | Shoals:2 | 24755 ||| INVOKING Heroism.
 24886 | Shoals:2 | 24886 ||| Stepping ~*~*~tactically~*~*~ (outnumbered).
 24887 | Shoals:2 | 24887 ||| Stepping ~*~*~tactically~*~*~ (outnumbered).
 24986 | Shoals:2 | 24986 ||| INVOKING Heroism.
 24998 | Shoals:2 | 24998 ||| INVOKING Finesse.
 25002 | Shoals:2 | 25002 ||| INVOKING Heroism.
 25003 | Shoals:2 | 25003 ||| RETREATING.
 25203 | Shoals:2 | 25203 ||| INVOKING Heroism.
 25325 | Shoals:2 | 25325 ||| Stepping ~*~*~tactically~*~*~ (outnumbered).
 25574 | Shoals:2 | 25574 ||| INVOKING Heroism.
 25701 | Shoals:3 | 25701 ||| INVOKING Heroism.
 25856 | Shoals:3 | 25856 ||| RETREATING.
 25858 | Shoals:3 | Reached skill level 9 in Armour
 25934 | Shoals:3 | 25934 ||| Stepping ~*~*~tactically~*~*~ (outnumbered).
 25936 | Shoals:3 | 25936 ||| Stepping ~*~*~tactically~*~*~ (outnumbered).
 25937 | Shoals:3 | 25937 ||| Stepping ~*~*~tactically~*~*~ (outnumbered).
 25938 | Shoals:3 | 25938 ||| Stepping ~*~*~tactically~*~*~ (outnumbered).
 25939 | Shoals:3 | 25939 ||| Stepping ~*~*~tactically~*~*~ (outnumbered).
 25940 | Shoals:3 | 25940 ||| Stepping ~*~*~tactically~*~*~ (outnumbered).
 25941 | Shoals:3 | 25941 ||| Stepping ~*~*~tactically~*~*~ (outnumbered).
 25943 | Shoals:3 | 25943 ||| Stepping ~*~*~tactically~*~*~ (outnumbered).
 25955 | Shoals:3 | 25955 ||| Stepping ~*~*~tactically~*~*~ (outnumbered).
 25976 | Shoals:3 | Reached XP level 17. HP: 97/116 MP: 24/24
 26069 | Shoals:3 | 26069 ||| INVOKING Heroism.
 26074 | Shoals:3 | 26074 ||| RETREATING.
 26135 | Shoals:3 | Found Gynoph's Antique Armour Boutique.
 26140 | Shoals:3 | 26140 ||| BUYING runed scarf (240 gold).
 26140 | Shoals:3 | Bought a runed scarf for 240 gold pieces
 26549 | Shoals:3 | 26549 ||| PLANNING SPIDER:1-3
 26549 | Shoals:3 | 26549 ||| DROPPING +2 helmet.
 26550 | Shoals:3 | 26550 ||| UPGRADING to scarf of resistance.
 26560 | Shoals:3 | 26560 ||| DROPPING ring of ice.
 26561 | Shoals:3 | 26561 ||| UPGRADING to ring of willpower.
 26563 | Shoals:3 | 26563 ||| DROPPING ring of willpower.
 26564 | Shoals:3 | 26564 ||| UPGRADING to +4 ring of protection.
 26695 | Spider:1 | Entered Level 1 of the Spider Nest
 26701 | Spider:1 | 26701 ||| STAIRDANCE
 26738 | Spider:1 | 26738 ||| FLEEEEING.
 26739 | Spider:1 | 26739 ||| STAIRDANCE
 26755 | Spider:1 | 26755 ||| STAIRDANCE
 26809 | Spider:1 | Noticed Donald
 26810 | Spider:1 | 26810 ||| INVOKING Heroism.
 26822 | Spider:1 | Killed Donald
 26835 | Spider:1 | 26835 ||| Stepping ~*~*~tactically~*~*~ (outnumbered).
 26837 | Spider:1 | 26837 ||| Stepping ~*~*~tactically~*~*~ (outnumbered).
 26839 | Spider:1 | 26839 ||| Stepping ~*~*~tactically~*~*~ (outnumbered).
 26969 | Spider:1 | 26969 ||| RETREATING.
 27037 | Spider:1 | 27037 ||| INVOKING Heroism.
 27055 | Spider:1 | Found the +8 demon trident "Rift" {distort, reach+}
 27121 | Spider:1 | 27121 ||| INVOKING Heroism.
 27124 | Spider:1 | 27124 ||| RETREATING.
 27125 | Spider:1 | 27125 ||| Stepping ~*~*~tactically~*~*~ (retreating).
 27217 | Spider:1 | Noticed qw's ghost (adept GrHu)
 27220 | Spider:1 | Found a transporter.
 27225 | Spider:1 | Found a transporter.
 27332 | Spider:1 | 27332 ||| INVOKING Finesse.
 27460 | Spider:2 | Noticed Roxanne
 27461 | Spider:2 | 27461 ||| INVOKING Heroism.
 27462 | Spider:2 | 27462 ||| INVOKING Finesse.
 27481 | Spider:2 | Killed Roxanne
 27482 | Spider:2 | Reached skill level 12 in Dodging
 27592 | Spider:2 | Identified the +1 ring mail "Jicei" {Int+3}
 27714 | Spider:2 | 27714 ||| INVOKING Heroism.
 27790 | Spider:2 | 27790 ||| INVOKING Heroism.
 27902 | Spider:2 | 27902 ||| INVOKING Heroism.
 28425 | Spider:2 | 28425 ||| DROPPING ring of fire.
 28517 | Spider:3 | 28517 ||| RETREATING.
 28522 | Spider:3 | 28522 ||| Stepping ~*~*~tactically~*~*~ (retreating).
 28677 | Spider:3 | Noticed Aizul
 28678 | Spider:3 | 28678 ||| INVOKING Heroism.
 28679 | Spider:3 | 28679 ||| INVOKING Finesse.
 28692 | Spider:3 | Killed Aizul
 28693 | Spider:3 | Reached skill level 18 in Fighting
 28880 | Spider:3 | 28880 ||| PLANNING SHOALS:4
 28880 | Spider:3 | 28880 ||| DROPPING ring of positive energy.
 29043 | Shoals:4 | Entered Level 4 of the Shoals
 29085 | Shoals:4 | 29085 ||| INVOKING Heroism.
 29110 | Shoals:4 | 29110 ||| READING scroll of enchant weapon.
 29110 | Shoals:4 | 29110 ||| ENCHANTING +5 longbow of electrocution.
 29117 | Shoals:4 | 29117 ||| SWAPPING to +1 hand cannon of freezing.
 29118 | Shoals:4 | 29118 ||| DROPPING +6 longbow of electrocution.
 29122 | Shoals:4 | 29122 ||| SWAPPING to +2 hand cannon of flaming.
 29123 | Shoals:4 | 29123 ||| DROPPING +1 hand cannon of freezing.
 29195 | Shoals:4 | 29195 ||| Stepping ~*~*~tactically~*~*~ (retreating).
 29196 | Shoals:4 | 29196 ||| INVOKING Heroism.
 29205 | Shoals:4 | 29205 ||| Stepping ~*~*~tactically~*~*~ (outnumbered).
 29215 | Shoals:4 | HP: 26/119 [merfolk javelineer/silver javelin (8)]
 29215 | Shoals:4 | HP: 10/119 [merfolk javelineer/silver javelin (14)]
 29216 | Shoals:4 | 29216 ||| READING 10 scrolls of teleportation.
 29217 | Shoals:4 | 29217 ||| DRINKING potion of heal wounds.
 29261 | Shoals:4 | 29261 ||| INVOKING Heroism.
 29315 | Shoals:4 | 29315 ||| INVOKING Heroism.
 29467 | Shoals:4 | 29467 ||| INVOKING Heroism.
 29469 | Shoals:4 | 29469 ||| Stepping ~*~*~tactically~*~*~ (outnumbered).
 29528 | Shoals:4 | Got a barnacled rune of Zot
 29538 | Shoals:4 | 29538 ||| INVOKING Heroism.
 29657 | Shoals:4 | 29657 ||| INVOKING Heroism.
 29865 | Shoals:4 | 29865 ||| INVOKING Heroism.
 29868 | Shoals:4 | 29868 ||| Stepping ~*~*~tactically~*~*~ (retreating).
 29869 | Shoals:4 | 29869 ||| Stepping ~*~*~tactically~*~*~ (retreating).
 29872 | Abyss:2  | Cast into level 2 of the Abyss (merfolk)
 29911 | Abyss:2  | Found a corrupted altar of Lugonu.
 29927 | Abyss:2  | Reached XP level 18. HP: 125/125 MP: 25/25
 30356 | Abyss:2  | Found a corrupted altar of Lugonu.
 30500 | Abyss:2  | 30500 ||| Stepping ~*~*~tactically~*~*~ (outnumbered).
 30505 | Abyss:2  | 30505 ||| RETREATING.
 30507 | Abyss:2  | 30507 ||| Stepping ~*~*~tactically~*~*~ (retreating).
 30508 | Abyss:2  | 30508 ||| Stepping ~*~*~tactically~*~*~ (retreating).
 30509 | Abyss:2  | 30509 ||| Stepping ~*~*~tactically~*~*~ (retreating).
 30513 | Abyss:2  | 30513 ||| INVOKING Heroism.
 30517 | Abyss:2  | HP: 22/125 [smoke demon/divine providence (13)]
 30517 | Abyss:2  | Killed from afar by a balrug

Levels and vault maps discovered:
D:1:      tarquinn_simple_flora_water_f, layout_basic, minmay_box_of_dots
D:2:      layout_loops_ring, basic_altar, minmay_tetromino_s4
D:3:      layout_loops_ring
D:4:      layout_gridville, eat_drink_and_be_merry_uskayaw,
          minmay_temple_entry_trees, hellmonk_ghost_happy_afterlife,
          nicolae_wooded_promenade
D:5:      layout_layer_cave, amcnicky_altar_gilded, old_standard_altar,
          serial_bayou_ford_a, uniq_edmund
D:6:      layout_loops_ring, grunt_dithmenos_smoke, gammafunk_ghost_necromancy,
          chequers_avenue
D:7:      layout_basic, serial_corexii_hall, chequers_hall_statues_corner_a,
          chequers_hall_statues_y, minivault_26, reono_crystal_passage,
          corexii_hall_statues_deadend
D:8:      layout_rooms, grunt_temple_overflow_champion_of_chaos,
          kiku_gazebo_pond_becter, nicolae_the_louvre, uniq_gastronok
D:9:      layout_basic, nicolae_vehumet_radiance, grunt_qazlal_sundering,
          grunt_lair_entry_orc_guard_hut
D:10:     layout_roguey, orc_david_3, special_room [special_room_orc]
D:11:     cheibrodos_lost_city_excavation, layout_loops_ring, serial_shops,
          shop, uniq_erolcha
D:12:     layout_irregular_city, nicolae_elyvilon_peaceful_grove, uniq_sonja
D:13:     layout_loops_cross, erik_vaults_1, gauntlet_entry_generic,
          minivault_10
D:14:     layout_basic, nemelex_diamond_rough_becter, minivault_15,
          minmay_shattered_shrine
D:15:     hellmonk_depths_entry_around_the_bend, layout_stronghold,
          chequers_arboretum, portal_ice_cave_entry_ice_simulacra, uniq_kirke
Temple:   oiseaux_autumnal_temple
Lair:1:   hellmonk_ruined_rings, layout_gridlike, basic_altar,
          small_statue_intersection, chequers_serial_rivers_large_a,
          nicolae_lair_lil_pond, uniq_jeremiah
Lair:2:   layout_regular_city, minmay_shoals_entry_centaurs, basic_altar,
          grunt_forest_large_clearings, grunt_megastairs_4
Lair:3:   layout_long_grid, spider_nest_entry_funnel_web,
          cheibrodos_lair_lostbears
Lair:4:   layout_roguey [special_room_bee]
Lair:5:   minmay_lair_end_frog_pond, layout_gridlike,
          nicolae_slime_entry_slimehenge, gammafunk_ghost_arena,
          patterned_corridor
Shoals:1: layout_shoals, nicolae_shoals_spring_well_temple
Shoals:2: layout_shoals
Shoals:3: layout_shoals, serial_shops, nicolae_shop_peninsula,
          nicolae_shoals_water_shrine
Shoals:4: shoals_end_grunt_ice, layout_shoals, shoals_ilsuiw_ice,
          nicolae_shoals_circle_sea_wall,
          nicolae_shoals_the_drawing_of_the_three
Spider:1: layout_spider_delve, gammafunk_ghost_arena, uniq_donald
Spider:2: layout_cave_pods, uniq_roxanne
Spider:3: layout_spider_delve, uniq_aizul
Orc:1:    layout_diamond_mine, serial_shops, shop, shop, shop, shop,
          nicolae_shop_just_a_little_nook, basic_altar,
          monkooky_shop_alliterative, uniq_harold
Orc:2:    pf_orc_diabolical, layout_caves, nicolae_volcano_entry_vermiform,
          kennysheep_orc_chapel, uniq_josephine
Abyss:2:  base:
D:5

Skill      XL: |  1  2  3  4  5  6  7  8  9 10 11 12 13 14 15 16 17 |
---------------+----------------------------------------------------+-----
Armour         | 1 2 3 4 5 6 9 |  9.0
Ranged Weapons | 5 6 8 9 10 12 13 15 16 19 20 | 20.8
Fighting       | 3 4 6 9 10 12 15 16 18 | 18.0
Invocations    | 2 4 8 10 | 10.0
Dodging        | 2 3 5 6 8 10 11 12 | 12.4
Stealth        | |  1.1

Action                     |  1- 3 |  4- 6 |  7- 9 | 10-12 | 13-15 | 16-18 || total
---------------------------+-------+-------+-------+-------+-------+-------++-------
   Fire: Shortbow          |    94 |    64 |       |       |       |       ||   158
         Arbalest          |       |    64 |   218 |   400 |       |       ||   682
         Orcbow            |       |       |       |   178 |   618 |       ||   796
         Longbow           |       |       |       |       |   718 |   924 ||  1642
         Hand cannon       |       |       |       |       |       |   157 ||   157
 Invoke: Heroism           |       |       |     7 |    28 |    29 |    37 ||   101
         Finesse           |       |       |       |       |     5 |     4 ||     9
    Use: Scroll            |     7 |     4 |     8 |     3 |    10 |     5 ||    37
         Potion            |       |     1 |     4 |       |     3 |     4 ||    12
 Armour: Ring mail         |     9 |    99 |   132 |    62 |       |       ||   302
         Leather armour    |     4 |       |       |   126 |   394 |   238 ||   762
         Skin              |       |       |       |    10 |       |       ||    10
         Steam dragon scal |       |       |       |     5 |       |       ||     5
         Troll leather arm |       |       |       |    68 |       |       ||    68
  Dodge: Dodged            |    12 |    48 |   117 |   356 |   757 |   500 ||  1790
  Block: Other             |       |       |       |       |    60 |   103 ||   163
         Reflection        |       |       |       |       |     3 |     8 ||    11

Table legend:
 A = Non-vault XP
 B = Vault XP
 C = Vault XP percentage of total XP
 D = Non-vault monster count
 E = Vault monster count
 F = Vault count percentage of total count
                 A         B        C        D         E       F
            +---------+---------+-------+---------+---------+-------
      Total |  168202 |   81121 |  32.5 |     664 |     257 |  27.9
            +---------+---------+-------+---------+---------+-------
        D:1 |      20 |       5 |  20.0 |      12 |       3 |  20.0
        D:2 |      29 |       2 |   6.5 |      14 |       1 |   6.7
        D:3 |     123 |       0 |   0.0 |      18 |       0 |   0.0
        D:4 |     376 |       0 |   0.0 |      22 |       0 |   0.0
        D:5 |     834 |     164 |  16.4 |      25 |       1 |   3.8
        D:6 |     736 |       0 |   0.0 |      13 |       0 |   0.0
        D:7 |     797 |       0 |   0.0 |      27 |       0 |   0.0
        D:8 |    1901 |    1559 |  45.1 |      19 |       2 |   9.5
        D:9 |    5505 |     901 |  14.1 |      51 |       8 |  13.6
       D:10 |    3480 |     341 |   8.9 |      14 |      14 |  50.0
       D:11 |    3692 |    2411 |  39.5 |      20 |       5 |  20.0
       D:12 |    7337 |     785 |   9.7 |      23 |       1 |   4.2
       D:13 |    4459 |    1654 |  27.1 |      10 |       2 |  16.7
       D:14 |    7479 |    4798 |  39.1 |      22 |      10 |  31.2
       D:15 |    4689 |    8262 |  63.8 |      10 |      19 |  65.5
     Lair:1 |    6529 |     424 |   6.1 |      31 |       1 |   3.1
     Lair:2 |    3413 |    2372 |  41.0 |      11 |       9 |  45.0
     Lair:3 |    4197 |    2695 |  39.1 |      13 |       8 |  38.1
     Lair:4 |    4519 |    2571 |  36.3 |      15 |      26 |  63.4
     Lair:5 |   17799 |   11953 |  40.2 |      48 |      42 |  46.7
   Shoals:1 |    6632 |    1819 |  21.5 |      13 |       3 |  18.8
   Shoals:2 |   21772 |       0 |   0.0 |      38 |       0 |   0.0
   Shoals:3 |    8592 |    3977 |  31.6 |      15 |       8 |  34.8
   Shoals:4 |    5289 |   12700 |  70.6 |      10 |      20 |  66.7
   Spider:1 |   15458 |    1393 |   8.3 |      38 |       1 |   2.6
   Spider:2 |   10240 |    1360 |  11.7 |      21 |       1 |   4.5
   Spider:3 |    9357 |    1321 |  12.4 |      22 |       1 |   4.3
      Orc:1 |    3778 |     894 |  19.1 |      41 |       1 |   2.4
      Orc:2 |    3418 |   16760 |  83.1 |      36 |      70 |  66.0
    Abyss:2 |    5752 |       0 |   0.0 |      12 |       0 |   0.0
            +---------+---------+-------+---------+---------+-------
